NCAA
NORTH CAROLINA STATE WOLFPACK @ OKLAHOMA STATE COWBOYS
04/09/2026
 
TOP OF THE 1ST
North Carolina State Wolfpack batting - Pitching for Oklahoma State Cowboys : RHP Dawson Piper
Pitching: RHP Dawson Piper
Batting: RHB Henry Dawson 0-0: Ball
1-0: Called Strike
1-1: Swinging Strike
1-2: Fly out, F6 (Popup, 6M)
Batting: RHB Kyle Watkins 0-0: Fly out, F4 (Popup, 4MD)
Batting: LHB Frank Jackson 0-0: Ball
1-0: Swinging Strike
1-1: Ball
2-1: Foul Ball, location: 2F
2-2: Foul Ball, location: 2F
2-2: Ball
3-2: Foul Ball, location: 2F
3-2: Foul Ball, location: 2F
3-2: Foul Ball, location: 2F
3-2: Base on Balls
Batting: RHB Dennis Mays 0-0: Called Strike
0-1: Ball
Frank Jackson steals 2nd base
1-1: Swinging Strike
1-2: Strikes out swinging
Top of the 1st over - 0 run(s), 0 hit(s), 0 error(s), 1 left on base; North Carolina State 0 - Oklahoma State 0
BOTTOM OF THE 1ST
Oklahoma State Cowboys batting - Pitching for North Carolina State Wolfpack : LHP John Oliver
Pitching: LHP John Oliver
Batting: LHB Bill Bryan 0-0: SINGLE (Line Drive, 56)
Batting: LHB Cristián Rodríguez 0-0: Ball
1-0: Called Strike
1-1: Ball
2-1: Swinging Strike
2-2: Reached on error, E1 (Groundball, 13)
Bill Bryan to second
Batting: RHB John Lynch 0-0: Ball
1-0: Ball
Wild Pitch!
Bill Bryan to third
Cristián Rodríguez to second
2-0: Ball
3-0: Base on Balls
Batting: RHB Augusto Padilla 0-0: Called Strike
0-1: Foul Ball, location: 2F
0-2: Strikes out looking
Batting: LHB Bryan Davis 0-0: Ball
1-0: Swinging Strike
1-1: Ball
2-1: Foul Ball, location: 2F
2-2: Foul Ball, location: 2F
2-2: Strikes out swinging
Batting: LHB Horace Kramer 0-0: Fly out, F6 (Popup, 6MS)
Bottom of the 1st over - 0 run(s), 1 hit(s), 1 error(s), 3 left on base; North Carolina State 0 - Oklahoma State 0
TOP OF THE 2ND
North Carolina State Wolfpack batting - Pitching for Oklahoma State Cowboys : RHP Dawson Piper
Batting: LHB Corey MacGregor 0-0: Ball
1-0: Foul Ball, location: 2F
1-1: Ball
2-1: Ball
3-1: Base on Balls
Batting: SHB Hollis Hughes 0-0: Swinging Strike
0-1: Ball
1-1: Ball
2-1: Ball
3-1: Swinging Strike
3-2: DOUBLE (Line Drive, 9LM)
Corey MacGregor to third
Corey MacGregor scores
Batting: RHB Bob Olson 0-0: Called Strike
0-1: Ground out 6-3 (Groundball, 6)
Batting: RHB Chester Page 0-0: Ground out 6-3 (Groundball, 6)
Batting: RHB Roberto Landavazo 0-0: Ball
1-0: Swinging Strike
1-1: Ball
2-1: Ball
3-1: Foul Ball, location: 2F
3-2: Foul Ball, location: 2F
3-2: Ground out 4-3 (Groundball, 4D)
Top of the 2nd over - 1 run(s), 1 hit(s), 0 error(s), 1 left on base; North Carolina State 1 - Oklahoma State 0
BOTTOM OF THE 2ND
Oklahoma State Cowboys batting - Pitching for North Carolina State Wolfpack : LHP John Oliver
Batting: RHB Ryan Williams 0-0: Ball
1-0: Called Strike
1-1: Ball
2-1: Ball
3-1: Base on Balls
Batting: RHB Joe Sulley 0-0: Ball
1-0: Called Strike
1-1: Called Strike
1-2: Foul Ball, location: 2F
1-2: Grounds into double play, 1-4-3 (Groundball, 13)
Batting: LHB César Colón 0-0: Ball
1-0: Ball
2-0: DOUBLE (Line Drive, 9LS)
Batting: LHB Bill Bryan 0-0: Ball
1-0: Ground out 1-3 (Groundball, 23)
Bottom of the 2nd over - 0 run(s), 1 hit(s), 0 error(s), 1 left on base; North Carolina State 1 - Oklahoma State 0
TOP OF THE 3RD
North Carolina State Wolfpack batting - Pitching for Oklahoma State Cowboys : RHP Dawson Piper
Batting: RHB Henry Dawson 0-0: Foul Ball, location: 2F
0-1: Ball
1-1: Ball
2-1: Ball
3-1: Foul Ball, location: 2F
3-2: Base on Balls
Batting: RHB Kyle Watkins 0-0: Called Strike
0-1: Called Strike
0-2: Ball
1-2: Ball
2-2: Ball
3-2: Strikes out looking
Henry Dawson steals 2nd base
Batter strikes out.
Batting: LHB Frank Jackson 0-0: Called Strike
Henry Dawson steals 3rd base
0-1: Fly out, F8 (Line Drive, 8LM)
Runner from 3rd tags up, SCORES, no throw
Batting: RHB Dennis Mays 0-0: Ground out 6-3 (Groundball, 6M)
Top of the 3rd over - 1 run(s), 0 hit(s), 0 error(s), 0 left on base; North Carolina State 2 - Oklahoma State 0
BOTTOM OF THE 3RD
Oklahoma State Cowboys batting - Pitching for North Carolina State Wolfpack : LHP John Oliver
Batting: LHB Cristián Rodríguez 0-0: Ball
1-0: Called Strike
1-1: Ball
2-1: Foul Ball, location: 2F
2-2: Strikes out swinging
Batting: RHB John Lynch 0-0: Ball
1-0: Ball
2-0: SINGLE (Popup, 78S)
Batting: RHB Augusto Padilla 0-0: Foul Ball, location: 2F
0-1: TRIPLE (Flyball, 7LS)
John Lynch scores
Batting: LHB Bryan Davis 0-0: SINGLE (Line Drive, 78M)
Augusto Padilla scores
Batting: LHB Horace Kramer 0-0: Ball
1-0: Swinging Strike
1-1: Ball
2-1: Ball
3-1: Foul Ball, location: 2F
3-2: Base on Balls
Bryan Davis to second
Batting: RHB Ryan Williams 0-0: Ball
1-0: Ball
2-0: Called Strike
2-1: Called Strike
2-2: SINGLE (Line Drive, 89M)
Bryan Davis to third
Horace Kramer to second
Runner from 3rd tries for Home, SAFE, throw made home
Batting: RHB Joe Sulley 0-0: Ball
1-0: Ball
Passed Ball!
Horace Kramer to third
Ryan Williams to second
2-0: Ball
3-0: Base on Balls
Batting: LHB César Colón 0-0: Ball
1-0: Ball
2-0: Ball
3-0: Called Strike
3-1: Called Strike
3-2: Base on Balls
Horace Kramer scores
Ryan Williams to third
Joe Sulley to second
Batting: LHB Bill Bryan 0-0: Called Strike
0-1: Ball
1-1: Swinging Strike
1-2: Fly out, F7 (Line Drive, 7S)
Batting: LHB Cristián Rodríguez 0-0: Called Strike
0-1: Ground out U3 (Groundball, 3S)
Bottom of the 3rd over - 4 run(s), 4 hit(s), 0 error(s), 3 left on base; North Carolina State 2 - Oklahoma State 4
TOP OF THE 4TH
North Carolina State Wolfpack batting - Pitching for Oklahoma State Cowboys : RHP Dawson Piper
Batting: LHB Corey MacGregor 0-0: Fly out, F7 (Line Drive, 78D)
Batting: SHB Hollis Hughes 0-0: Called Strike
0-1: Ball
1-1: SINGLE (Groundball, 3D)
Batting: RHB Bob Olson 0-0: Reached on error, E4 (Groundball, 4)
Hollis Hughes to second
Batting: RHB Chester Page 0-0: Called Strike
0-1: Foul Ball, location: 2F
0-2: Ball
1-2: Strikes out swinging
Batting: RHB Roberto Landavazo 0-0: Ball
1-0: Foul Ball, location: 2F
1-1: Swinging Strike
1-2: Fielders Choice at 2nd, 6-4 (Groundball, 6)
Top of the 4th over - 0 run(s), 1 hit(s), 1 error(s), 1 left on base; North Carolina State 2 - Oklahoma State 4
BOTTOM OF THE 4TH
Oklahoma State Cowboys batting - Pitching for North Carolina State Wolfpack : LHP John Oliver
Batting: RHB John Lynch 0-0: Ball
1-0: Called Strike
1-1: Ball
2-1: Ball
3-1: Foul Ball, location: 2F
3-2: SINGLE (Flyball, 6MD)
Batting: RHB Augusto Padilla 0-0: Foul Ball, location: 2F
0-1: Called Strike
0-2: Foul Ball, location: 2F
0-2: Ball
1-2: Ball
2-2: Strikes out looking
Pitching: LHP Matt Ramey
Batting: LHB Bryan Davis 0-0: Swinging Strike
0-1: Ball
1-1: Foul Ball, location: 2F
1-2: Ball
2-2: Strikes out swinging
Batting: LHB Horace Kramer 0-0: Ball
1-0: Fielders Choice at 2nd, 6-4 (Groundball, 6)
Bottom of the 4th over - 0 run(s), 1 hit(s), 0 error(s), 0 left on base; North Carolina State 2 - Oklahoma State 4
TOP OF THE 5TH
North Carolina State Wolfpack batting - Pitching for Oklahoma State Cowboys : RHP Dawson Piper
Batting: RHB Henry Dawson 0-0: Ball
1-0: Fly out, F8 (Flyball, 89D)
Batting: RHB Kyle Watkins 0-0: Ball
1-0: Called Strike
1-1: Called Strike
1-2: Ball
2-2: Foul Ball, location: 2F
2-2: Ball
3-2: Ground out 6-3 (Groundball, 6M)
Batting: LHB Frank Jackson 0-0: Swinging Strike
0-1: Called Strike
0-2: Ball
1-2: Strikes out swinging
Top of the 5th over - 0 run(s), 0 hit(s), 0 error(s), 0 left on base; North Carolina State 2 - Oklahoma State 4
BOTTOM OF THE 5TH
Oklahoma State Cowboys batting - Pitching for North Carolina State Wolfpack : LHP Matt Ramey
Batting: RHB Ryan Williams 0-0: Called Strike
0-1: Swinging Strike
0-2: Ball
1-2: Ball
2-2: Foul Ball, location: 2F
2-2: Strikes out swinging
Batting: RHB Joe Sulley 0-0: Called Strike
0-1: Swinging Strike
0-2: Ball
1-2: Strikes out swinging
Batting: LHB César Colón 0-0: Called Strike
0-1: Ball
1-1: Called Strike
1-2: Foul Ball, location: 2F
1-2: Ball
2-2: Fly out, F8 (Flyball, 89M)
Bottom of the 5th over - 0 run(s), 0 hit(s), 0 error(s), 0 left on base; North Carolina State 2 - Oklahoma State 4
TOP OF THE 6TH
North Carolina State Wolfpack batting - Pitching for Oklahoma State Cowboys : RHP Dawson Piper
Pitching: RHP Ralph Johnson
Batting: RHB Dennis Mays 0-0: Swinging Strike
0-1: Foul Ball, location: 2F
0-2: Ball
1-2: Ball
2-2: Ball
3-2: Strikes out swinging
Batting: LHB Corey MacGregor 0-0: Ball
1-0: Fly out, F8 (Flyball, 8LXD)
Batting: SHB Hollis Hughes 0-0: Ball
1-0: Ball
2-0: Foul Ball, location: 2F
2-1: Ball
3-1: Base on Balls
Batting: RHB Bob Olson 0-0: Called Strike
0-1: Ball
1-1: Swinging Strike
1-2: Ball
2-2: SINGLE (Line Drive, 6MD)
Hollis Hughes to second
Batting: RHB Chester Page 0-0: SINGLE (Groundball, 56D) (infield hit)
Hollis Hughes to third
Bob Olson to second
Batting: RHB Roberto Landavazo 0-0: Called Strike
0-1: Called Strike
0-2: Ball
1-2: Ball
2-2: Foul Ball, location: 2F
2-2: Fly out, F4 (Popup, 4)
Top of the 6th over - 0 run(s), 2 hit(s), 0 error(s), 3 left on base; North Carolina State 2 - Oklahoma State 4
BOTTOM OF THE 6TH
Oklahoma State Cowboys batting - Pitching for North Carolina State Wolfpack : LHP Matt Ramey
Batting: LHB Bill Bryan 0-0: Foul Ball, location: 2F
0-1: Fly out, F8 (Flyball, 8LM)
Batting: LHB Cristián Rodríguez 0-0: Ball
1-0: SINGLE (Line Drive, 9LS)
Batting: RHB John Lynch 0-0: Called Strike
0-1: Ball
1-1: Foul Ball, location: 2F
1-2: Ball
2-2: Fly out, F4 (Popup, 34D)
Batting: RHB Augusto Padilla 0-0: Ball
1-0: Ball
2-0: Called Strike
2-1: SINGLE (Groundball, 4MD)
Cristián Rodríguez to second
Runner from 2nd tries for 3rd, SAFE, throw made to third
Augusto Padilla to second
Pitching: RHP Brit Torres
Batting: LHB Bryan Davis 0-0: Foul Ball, location: 2F
0-1: Ball
1-1: Ball
2-1: Ball
3-1: Base on Balls
Batting: LHB Horace Kramer 0-0: Called Strike
0-1: Ball
1-1: Foul Ball, location: 2F
1-2: Foul Ball, location: 2F
1-2: Ball
2-2: Fly out, F4 (Popup, 4MD)
Bottom of the 6th over - 0 run(s), 2 hit(s), 0 error(s), 3 left on base; North Carolina State 2 - Oklahoma State 4
TOP OF THE 7TH
North Carolina State Wolfpack batting - Pitching for Oklahoma State Cowboys : RHP Ralph Johnson
Batting: RHB Henry Dawson 0-0: Ball
1-0: SINGLE (Line Drive, 6D)
Batting: RHB Kyle Watkins 0-0: Called Strike
0-1: Ball
1-1: Foul Ball, location: 2F
1-2: Reached on error, E4 (Groundball, 4M)
Henry Dawson to third
Batting: LHB Frank Jackson 0-0: Called Strike
0-1: Ball
1-1: Called Strike
1-2: Ball
2-2: Ball
3-2: Base on Balls
Batting: RHB Dennis Mays 0-0: Swinging Strike
0-1: Ball
1-1: Fly out, F5 (Popup, 25)
Batting: LHB Corey MacGregor 0-0: Swinging Strike
0-1: GRAND SLAM HOME RUN (Flyball, 9D), Distance : 369 ft
Pitching: RHP Ken Burnett
Batting: SHB Hollis Hughes 0-0: Called Strike
0-1: Called Strike
0-2: Strikes out swinging
Batting: RHB Bob Olson 0-0: Fly out, F5 (Popup, 5S)
Top of the 7th over - 4 run(s), 2 hit(s), 1 error(s), 0 left on base; North Carolina State 6 - Oklahoma State 4
BOTTOM OF THE 7TH
Oklahoma State Cowboys batting - Pitching for North Carolina State Wolfpack : RHP Brit Torres
Batting: RHB Ryan Williams 0-0: Called Strike
0-1: Ball
1-1: Ball
2-1: Ball
3-1: Called Strike
3-2: Fly out, F5 (Line Drive, 5)
Batting: RHB Joe Sulley 0-0: Called Strike
0-1: Fly out, F9 (Flyball, 9M)
Batting: LHB César Colón 0-0: Ball
1-0: Foul Ball, location: 2F
1-1: Fly out, F6 (Popup, 5DF)
Bottom of the 7th over - 0 run(s), 0 hit(s), 0 error(s), 0 left on base; North Carolina State 6 - Oklahoma State 4
TOP OF THE 8TH
North Carolina State Wolfpack batting - Pitching for Oklahoma State Cowboys : RHP Ken Burnett
Batting: RHB Chester Page 0-0: SINGLE (Groundball, 4)
Batting: RHB Roberto Landavazo 0-0: Ball
1-0: Sac Bunt - play at first, batter OUT! 1-4
Chester Page to second
Batting: RHB Henry Dawson Pickoff Throw to Second - Out!
0-0: Ball
1-0: Called Strike
1-1: Foul Ball, location: 2F
1-2: Foul Ball, location: 2F
1-2: Ball
2-2: Ball
3-2: Foul Ball, location: 2F
3-2: Foul Ball, location: 2F
3-2: Strikes out swinging
Top of the 8th over - 0 run(s), 1 hit(s), 0 error(s), 0 left on base; North Carolina State 6 - Oklahoma State 4
BOTTOM OF THE 8TH
Oklahoma State Cowboys batting - Pitching for North Carolina State Wolfpack : RHP Brit Torres
Batting: LHB Bill Bryan 0-0: Ball
1-0: Ball
2-0: Called Strike
2-1: Ball
3-1: Base on Balls
Pitching: RHP Bob Howe
Batting: LHB Cristián Rodríguez 0-0: Ball
1-0: Called Strike
1-1: Ball
2-1: Swinging Strike
2-2: Strikes out swinging
Batting: RHB John Lynch 0-0: Ball
1-0: Ball
2-0: Foul Ball, location: 2F
2-1: Ball
3-1: Grounds into double play, 5-4-3 (Groundball, 56)
Bottom of the 8th over - 0 run(s), 0 hit(s), 0 error(s), 0 left on base; North Carolina State 6 - Oklahoma State 4
TOP OF THE 9TH
North Carolina State Wolfpack batting - Pitching for Oklahoma State Cowboys : RHP Ken Burnett
Batting: RHB Kyle Watkins 0-0: Called Strike
0-1: SOLO HOME RUN (Flyball, 9D), Distance : 343 ft
Batting: LHB Frank Jackson 0-0: Foul Ball, location: 2F
0-1: Foul Ball, location: 2F
0-2: Ball
1-2: Ball
2-2: Ball
3-2: Base on Balls
Batting: RHB Dennis Mays 0-0: SINGLE (Groundball, 4MD)
Frank Jackson to second
Batting: LHB Corey MacGregor 0-0: Ball
1-0: Ball
2-0: Foul Ball, location: 2F
2-1: SINGLE (Line Drive, 6M)
Frank Jackson to third
Dennis Mays to second
Runner from 3rd tries for Home, SAFE, no throw or cutoff
Batting: SHB Hollis Hughes 0-0: Foul Ball, location: 2F
0-1: SINGLE (Groundball, 34)
Dennis Mays to third
Corey MacGregor to second
Batting: RHB Bob Olson 0-0: Ball
1-0: Ball
2-0: Ball
3-0: Called Strike
3-1: Base on Balls
Dennis Mays scores
Corey MacGregor to third
Hollis Hughes to second
Pitching: LHP Alan Stewart
Batting: RHB Chester Page 0-0: Ball
1-0: Called Strike
1-1: Foul Ball, location: 2F
1-2: Strikes out looking
Batting: RHB Roberto Landavazo 0-0: Swinging Strike
0-1: Ball
1-1: Called Strike
1-2: Strikes out swinging
Batting: RHB Henry Dawson 0-0: Ball
1-0: Fielders Choice at 2nd, 6-4 (Groundball, 6)
Top of the 9th over - 3 run(s), 4 hit(s), 0 error(s), 2 left on base; North Carolina State 9 - Oklahoma State 4
BOTTOM OF THE 9TH
Oklahoma State Cowboys batting - Pitching for North Carolina State Wolfpack : RHP Bob Howe
Pitching: LHP Jeremiah Mason
Now at 3B: Jorge García
Now in RF: Ignacio Rabelo
Batting: RHB Augusto Padilla 0-0: Ball
1-0: Ball
2-0: Swinging Strike
2-1: Called Strike
2-2: Ball
3-2: Base on Balls
Batting: LHB Bryan Davis 0-0: Called Strike
0-1: Ball
1-1: Ball
2-1: 2-RUN HOME RUN (Line Drive, 7LD), Distance : 334 ft
Batting: LHB Horace Kramer 0-0: Foul Ball, location: 2F
0-1: Called Strike
0-2: Ball
1-2: Strikes out swinging
Batting: RHB Ryan Williams 0-0: Ball
1-0: Ball
2-0: Ball
3-0: Base on Balls
Batting: RHB Joe Sulley 0-0: Called Strike
0-1: Ball
1-1: Swinging Strike
1-2: Foul Ball, location: 2F
1-2: Foul Ball, location: 2F
1-2: Ground out 5-3 (Groundball, 5S)
Ryan Williams to second
Batting: LHB César Colón 0-0: Ball
1-0: Ball
2-0: Ball
3-0: Base on Balls
Batting: LHB Bill Bryan 0-0: Foul Ball, location: 2F
0-1: Ball
1-1: Ball
2-1: Ball
3-1: Called Strike
3-2: Foul Ball, location: 2F
3-2: Foul Ball, location: 2F
3-2: Foul Ball, location: 2F
3-2: Strikes out looking
Bottom of the 9th over - 2 run(s), 1 hit(s), 0 error(s), 2 left on base; North Carolina State 9 - Oklahoma State 6
Monday, December 5th, 2016 - OOTP Baseball 17.12 Build 75